AoeStats
← disgruntledDutch

Black Forest

510210988Analyzed
3v3 RM · 1d ago on Sep 30, 2026· 52m 26s· 6 players
Game mode
Random Map
Map size
Normal (6 player)
Population
200
Speed
Normal
Resources
Standard
Victory
Conquest
Starting age
Dark Age
Ending age
Imperial Age
RankedLock teamsTeams togetherTeam positionsShared explorationLock speedFull tech treeHidden civsTurbo modeCheats
Victory
Defeat
🇬🇧 Bohemians · United Kingdom
1050
+16
🇨🇳 Italians · China
1017
+18
🇹🇷 Lithuanians · Türkiye
984
+19
🇺🇸 Celts · United States
1068
-18
🇺🇸 Ethiopians · United States
1064
-18
🇺🇸 Franks · United States
1026
-17
GamePal
0:26 Loom
18:34 Feudal Age
19:21 Double-Bit Axe
19:31 Horse Collar
25:00 Castle Age
27:15 Fervor
27:26 Sanctity
30:25 Bow Saw
38:43 Imperial Age
36:16 Heavy Plow
36:29 Murder Holes
36:25 Elite Skirmisher
38:11 Chemistry
37:21 Masonry
37:33 Ballistics
37:52 Masonry
37:52 Fortified Wall
38:28 Wheelbarrow
39:54 Town Watch
41:20 Heavy Scorpion
42:47 Husbandry
42:08 Light Cavalry
42:34 Pikeman
43:16 Squires
43:19 Fletching
43:40 Forging
43:30 Padded Archer Armor
44:21 Scale Mail Armor
44:17 Bodkin Arrow
44:44 Halberdier
46:53 Onager
48:26 Architecture
Cerrahpaşalı Halit
1:01 Loom
10:28 Feudal Age
14:00 Double-Bit Axe
13:57 Horse Collar
21:48 Castle Age
23:16 Bow Saw
23:07 Heavy Plow
32:44 Imperial Age
30:32 Scale Barding Armor
30:37 Forging
31:35 Wheelbarrow
31:47 Light Cavalry
32:37 Bloodlines
33:54 Chain Barding Armor
34:10 Iron Casting
33:55 Hill Forts
36:25 Padded Archer Armor
36:15 Fletching
37:11 Murder Holes
38:17 Chemistry
37:34 Treadmill Crane
41:35 Elite Leitis
42:18 Tower Shields
42:35 Winged Hussar
44:54 Plate Barding Armor
45:53 Husbandry
46:53 Caravan
47:58 Conscription
51:11 Hand Cart
51:28 Crop Rotation
51:59 Two-Man Saw
panda
2:26 Loom
11:16 Feudal Age
15:19 Castle Age
13:48 Double-Bit Axe
13:47 Horse Collar
21:49 Wheelbarrow
22:56 Pikeman
29:59 Imperial Age
27:33 Gold Mining
27:34 Stone Mining
28:06 Padded Archer Armor
28:26 Stone Mining
28:55 Heavy Plow
29:06 Bow Saw
29:22 Fletching
30:36 Ballistics
31:51 Two-Man Saw
32:45 Chemistry
33:51 Squires
33:35 Elite Genoese Crossbowman
36:29 Bodkin Arrow
36:49 Leather Archer Armor
37:41 Scale Mail Armor
37:52 Forging
39:48 Chain Mail Armor
40:09 Iron Casting
41:37 Plate Mail Armor
42:50 Conscription
43:39 Thumb Ring
42:55 Elite Skirmisher
45:18 Hand Cart
44:49 Town Watch
45:37 Crop Rotation
48:07 Masonry
48:28 Pirotechnia
48:54 Hoardings
49:34 Silk Road
49:47 Bracer
50:11 Leather Archer Armor
50:32 Iron Casting
50:56 Arson
AmateurHour
0:25 Loom
16:11 Feudal Age
17:49 Double-Bit Axe
17:51 Horse Collar
21:38 Wheelbarrow
24:45 Castle Age
23:02 Gold Mining
24:39 Scale Mail Armor
25:59 Chain Mail Armor
26:08 Bow Saw
28:45 Forging
30:38 Elite Skirmisher
32:00 Fletching
32:34 Ballistics
38:57 Hand Cart
43:19 Imperial Age
42:26 Bodkin Arrow
43:23 Capped Ram
43:42 Halberdier
44:18 Siege Ram
45:08 Siege Engineers
45:41 Plate Mail Armor
Velt2216
12:18 Feudal Age
10:46 Loom
14:04 Double-Bit Axe
14:20 Double-Bit Axe
17:03 Castle Age
15:44 Scale Barding Armor
17:33 Forging
17:53 Husbandry
17:55 Gold Mining
21:17 Gold Shaft Mining
23:11 Chain Barding Armor
23:27 Iron Casting
28:28 Bow Saw
29:09 Crossbowman
31:47 Wheelbarrow
31:21 Fletching
31:34 Squires
32:45 Bodkin Arrow
33:55 Hand Cart
33:37 Pikeman
34:41 Ballistics
37:06 Imperial Age
34:39 Town Watch
35:37 Padded Archer Armor
35:53 Town Patrol
38:26 Plate Barding Armor
38:51 Blast Furnace
37:52 Scale Mail Armor
37:46 Treadmill Crane
38:19 Stone Mining
37:58 Cavalier
39:26 Leather Archer Armor
41:13 Chemistry
40:57 Capped Ram
42:14 Chain Mail Armor
41:26 Paladin
44:03 Plate Mail Armor
43:49 Masonry
44:38 Chivalry
disgruntledDutch
1:01 Loom
12:05 Feudal Age
12:34 Double-Bit Axe
12:46 Gold Mining
19:41 Castle Age
17:53 Scale Mail Armor
18:10 Forging
18:04 Horse Collar
19:02 Stone Mining
21:03 Bow Saw
20:55 Heavy Plow
21:54 Gold Shaft Mining
21:26 Gambesons
23:19 Pikeman
25:37 Chain Mail Armor
26:17 Wheelbarrow
25:30 Town Watch
28:05 Hand Cart
28:59 Fortified Wall
29:01 Masonry
30:44 Iron Casting
33:52 Stronghold
38:33 Crossbowman
43:39 Imperial Age
42:09 Ballistics
41:46 Murder Holes
42:42 Fletching
42:53 Padded Archer Armor
43:59 Town Patrol
44:46 Conscription
44:49 Furor Celtica
44:28 Heavy Scorpion
45:20 Siege Engineers
46:00 Halberdier
50:03 Plate Mail Armor
Connection lost

Rejoining the realm…

Still unreachable

The connection could not be restored.

Session expired

The server has moved on; the page needs a fresh start.